 Dungeon Crawl Stone Soup version 0.20.1-1-g8b1a95d (webtiles) character file.

796 equalderp2856 the Chopper (level 7, -4/61 HPs)
             Began as a Minotaur Fighter on Sept 28, 2017.
             Killed by divine providence
             ... invoked by an orc priest
              (14 damage)
             ... on level 6 of the Dungeon.
             The game lasted 00:05:54 (3137 turns).

equalderp2856 the Chopper (Minotaur Fighter)        Turns: 3137, Time: 00:05:56

Health: -4/61      AC: 14    Str: 21    XL:     7   Next: 58%
Magic:  6/6        EV:  4    Int: 10    God:
Gold:   225        SH: 10    Dex: 11    Spells: 6/6 levels left

rFire    . . .     SeeInvis .   a - +0 war axe
rCold    . . .     Gourm    .   c - +0 shield
rNeg     . . .     Faith    .   h - +0 plate armour {rPois}
rPois    +         Spirit   .   (helmet restricted)
rElec    .         Reflect  .   (no cloak)
rCorr    .         Harm     .   A - +1 pair of gloves
MR       .....     Rnd*Tele +   (no boots)
Stlth    ..........             (no amulet)
Regen    0.2/turn               D - ring of flight
MPRegen  0.1/turn               w - ring of teleportation (curse)

@: brilliant, hasted, drained, very quick
A: retaliatory headbutt, horns 2
a: Evoke Flight


You were on level 6 of the Dungeon.
You were not hungry.

You visited 1 branch of the dungeon, and saw 6 of its levels.

You collected 225 gold pieces.

Inventory:

Hand Weapons
 a - a +0 war axe (weapon)
Armour
 b - a +0 scale mail
 c - a +0 shield (worn)
 h - a +0 plate armour of poison resistance (worn)
 A - a +1 pair of gloves (worn)
Jewellery
 i - an uncursed ring of stealth
 w - a cursed ring of teleportation (right hand)
 C - an uncursed ring of fire
 D - a ring of flight (left hand)
 H - an uncursed ring of fire
Scrolls
 g - 2 scrolls of remove curse {unknown}
 j - 6 scrolls of identify {unknown}
 o - 4 scrolls of teleportation {unknown}
 p - 2 scrolls of fog {unknown}
 t - 2 scrolls of enchant armour {unknown}
 v - a scroll of recharging {unknown}
 x - a scroll of enchant weapon {unknown}
 y - 3 scrolls of blinking {unknown}
 z - 2 scrolls of noise {unknown}
 G - a scroll of immolation {unknown}
Potions
 d - a potion of might
 e - 2 potions of lignification
 m - a potion of brilliance
 n - a potion of ambrosia {unknown}
 r - a potion of degeneration {unknown}
 s - 2 potions of haste
 u - 3 potions of magic {unknown}
 F - a potion of flight {unknown}
Books
 k - a book of Cantrips

   Spells                             Type                      Level
   a - Confusing Touch                Hexes                        1
   b - Animate Skeleton               Necromancy                   1
   c - Summon Small Mammal            Summoning                    1
   d - Apportation                    Translocation                1
 B - a book of Misfortune

   Spells                             Type                      Level
   a - Confusing Touch                Hexes                        1
   b - Confuse                        Hexes                        3
   c - Gell's Gravitas                Translocation                3
   d - Petrify                        Transmutation/Earth          4
   e - Metabolic Englaciation         Hexes/Ice                    5
   f - Yara's Violent Unravelling     Hexes/Transmutation          5
Comestibles
 f - 7 bread rations
 l - 4 fruits
 q - 2 royal jellies
 E - a chunk of flesh


   Skills:
 + Level 5.5(5.1) Fighting
 + Level 7.0(6.6) Axes
 + Level 5.1(4.8) Armour
 + Level 0.9(0.6) Dodging
 + Level 0.1(0.0) Stealth
 + Level 6.1(5.8) Shields


You had 6 spell levels left.
You didn't know any spells.

Dungeon Overview and Level Annotations

Branches:
Dungeon (6/15)
 Temple: D:4-7

Altars:
Ashenzari
The Shining One

Annotations:
D:4 Duvessa, Grinder
D:5 Menkaure


Innate Abilities, Weirdness & Mutations

You reflexively headbutt those who attack you in melee.
You have a pair of horns on your head.


Message History

You barely miss the orc priest.
The orc priest is heavily wounded.
You completely miss the wight. The wight hits you with a short sword.
* * * LOW HITPOINT WARNING * * *
You feel drained.
* * * LOW HITPOINT WARNING * * *
A wight comes into view. It is wielding an enchanted hand axe.
You hit the orc priest. Your headbutt misses the orc priest.
The orc priest is heavily wounded.
You hit the wight but do no damage. You slash the wight!
You block the orc priest's attack.
A bullfrog comes into view.
Unknown command.
It was a potion of brilliance.
You feel clever all of a sudden.
The bullfrog gives a loud, deep croak!
The wight hits you but does no damage. You block the wight's attack.
The orc priest mumbles some strange prayers to Beogh against you.
Beogh smites you!
You die...

.............
....F......
......z.. ##.......
..).... #o..z#
#.o.## #zz.#####
#@o...... #....####
#..### ##..# ####
#...# ##... #...#
##.... #...##
##..... #....###
##......
##.....#####.......


You could see a bullfrog, 4 wights, an orc priest, an orc wizard and an orc.

Vanquished Creatures
  Sigmund (D:4)
  A bullfrog (D:6)
  Dowan (D:4)
  A wight (D:6)
  5 crimson imps
  An orc priest (D:6)
  7 gnolls
  8 adders
  A shadow imp (D:6)
  A white imp (D:4)
  An ooze (D:2)
  An adder zombie (D:5)
  A worm (D:2)
  4 dart slugs
  3 leopard geckos
  4 orcs
  A ball python (D:3)
  4 giant cockroaches
  10 hobgoblins
  10 jackals
  2 quokkas
  7 bats
  4 frilled lizards
  14 goblins
  3 goblin skeletons (D:4)
  2 goblin zombies (D:4)
  2 hobgoblin zombies (D:4)
  3 kobolds
  2 kobold zombies (D:4)
  An orc skeleton (D:4)
  A quokka skeleton (D:4)
  11 rats
118 creatures vanquished.

Notes
Turn   | Place    | Note
-------+----------+-------------------------------------------
     0 | D:1      | equalderp2856 the Minotaur Fighter began the quest for the Orb.
     0 | D:1      | Reached XP level 1. HP: 19/19 MP: 0/0
   145 | D:1      | Reached XP level 2. HP: 27/27 MP: 1/1
   478 | D:1      | Reached XP level 3. HP: 33/33 MP: 2/2
   790 | D:2      | Reached skill level 3 in Axes
   830 | D:2      | HP: 1/33 [gnoll/halberd (11)]
   840 | D:2      | Reached XP level 4. HP: 14/40 MP: 3/3
  1560 | D:3      | Reached skill level 4 in Axes
  1626 | D:3      | Reached XP level 5. HP: 46/46 MP: 4/4
  1742 | D:3      | Reached skill level 5 in Shields
  2019 | D:4      | Found a shattered altar of Ashenzari.
  2047 | D:4      | Noticed Sigmund
  2058 | D:4      | Killed Sigmund
  2058 | D:4      | Reached skill level 5 in Axes
  2058 | D:4      | Reached XP level 6. HP: 55/55 MP: 5/5
  2088 | D:4      | Noticed Dowan
  2090 | D:4      | Noticed Duvessa
  2105 | D:4      | Killed Dowan
  2105 | D:4      | Reached skill level 6 in Axes
  2207 | D:4      | Found a glowing golden altar of the Shining One.
  2284 | D:4      | Noticed Grinder
  2286 | D:4      | Paralysed by Grinder for 5 turns
  2552 | D:3      | Reached skill level 5 in Fighting
  2592 | D:5      | Entered Level 5 of the Dungeon
  2602 | D:5      | Reached XP level 7. HP: 60/61 MP: 6/6
  2715 | D:5      | Noticed Menkaure
  3049 | D:6      | Reached skill level 5 in Armour
  3131 | D:6      | Reached skill level 7 in Axes
  3137 | D:6      | Killed from afar by an orc priest

Skill      XL: |  1  2  3  4  5  6  7 |
---------------+----------------------+-----
Fighting       | 4 5 |  5.5
Shields        | 4 5 6 |  6.1
Armour         | 4 5 |  5.1
Axes           | 3 4 5 6 7 |  7.0
Dodging        | |  0.9
Stealth        | |  0.1

Action                   |  1- 3 |  4- 6 |  7- 9 || total
-------------------------+-------+-------+-------++-------
Melee: War axe           |   112 |   160 |    75 ||   347
       Headbutt          |    12 |    28 |    11 ||    51
  Use: Potion            |     2 |       |     2 ||     4
  Eat: Chunk             |       |     4 |     4 ||     8
Armor: Scale mail        |     9 |       |       ||     9
       Plate armour      |    55 |    91 |    50 ||   196
       Skin              |    13 |     5 |       ||    18
Dodge: Dodged            |    12 |    29 |    12 ||    53
Block: Shield            |    79 |    91 |    44 ||   214
